 Dungeon Crawl Stone Soup version 0.22-a0-305-gd21a89c (webtiles) character file.

21 grindst0ne the Skirmisher (level 2, -1/24 HPs)
             Began as a Mummy Fighter on Mar 28, 2018.
             Slain by Natasha (4 damage)
             ... on level 2 of the Dungeon.
             The game lasted 00:00:53 (715 turns).

grindst0ne the Skirmisher (Mummy Fighter)            Turns: 715, Time: 00:00:53

Health: -1/24      AC:  6    Str: 19    XL:     2   Next: 62%
Magic:  2/2        EV:  7    Int:  7    God:
Gold:   79         SH:  8    Dex: 11    Spells: 1/1 levels left

rFire    . . .     SeeInvis .   a - +0 flail
rCold    + . .     Gourm    .   e - +0 shield {rF+}
rNeg     + + +     Faith    .   b - +0 scale mail
rPois    ∞         Spirit   .   (no helmet)
rElec    .         Reflect  .   (no cloak)
rCorr    .         Harm     .   (no gloves)
MR       .....                  (no boots)
Stlth    ..........             (no amulet)
HPRegen  0.08/turn              (no ring)
MPRegen  0.08/turn              (no ring)

@: no status effects
A: no food or potions, fire vulnerability, cold resistance 1, negative energy
resistance 3, torment resistance, unbreathing
a: no special abilities


You were on level 2 of the Dungeon.
You were not hungry.

You visited 1 branch of the dungeon, and saw 2 of its levels.

You collected 79 gold pieces.

Inventory:

Hand Weapons
 a - a +0 flail (weapon)
Armour
 b - a +0 scale mail (worn)
 e - a +0 shield of fire resistance (worn)
Scrolls
 c - a scroll of fog {unknown}
 d - 3 scrolls of identify {unknown}
 f - a scroll of teleportation {unknown}
 g - a scroll of remove curse {unknown}


   Skills:
 - Level 3.0 Fighting
 + Level 2.0 Maces & Flails
 + Level 2.7 Armour
 + Level 2.7 Shields


You had one spell level left.
You didn't know any spells.

Dungeon Overview and Level Annotations

Branches:
Dungeon (2/15)

Altars:
Xom

Annotations:
D:2 Natasha


Innate Abilities, Weirdness & Mutations

You do not eat or drink.
Your flesh is vulnerable to fire.
You are immune to poison.
Your flesh is cold resistant. (rC+)
You are immune to negative energy. (rN+++)
You are immune to unholy pain and torment.
You can survive without breathing.


Message History

A rat is nearby!
A rat is nearby!
A rat is nearby!
Found a shimmering altar of Xom.
Natasha, Servant of Life and Death comes into view.
The rat barely misses you.
You barely miss the rat. The rat closely misses you. The rat barely misses you.
You sock the rat!
You kill the rat!
Natasha claws you.
You closely miss Natasha. Natasha claws you but does no damage.
You miss Natasha. Natasha claws you! Natasha claws you.
You sock Natasha!
Natasha is severely wounded.
Natasha claws you.
* * * LOW HITPOINT WARNING * * *
You miss Natasha.
Natasha is severely wounded.
Natasha claws you.
You die...

..............
.............
.............
............ ..........
##. ###<#.....# ..# ##..
#.......h.##.%.. ##....#
........@..#.##..... #..
...........#.##.##.####.#
#............>...........
#............###...# #..
.......#.....>.#...######
#..##.##.......#......###
###. #≈.
##......#...##.... ...
#.._ ##...............
#.. §§♣. #.##..#...######


You could see Natasha.

Vanquished Creatures
  An ooze (D:2)
  3 dart slugs
  A hobgoblin (D:2)
  A ball python (D:1)
  2 bats
  2 kobolds
  4 rats
14 creatures vanquished.

Notes
Turn   | Place    | Note
-------+----------+-------------------------------------------
     0 | D:1      | grindst0ne the Mummy Fighter began the quest for the Orb.
     0 | D:1      | Reached XP level 1. HP: 18/18 MP: 1/1
   538 | D:2      | Reached XP level 2. HP: 23/24 MP: 2/2
   551 | D:2      | Found a shimmering altar of Xom.
   552 | D:2      | Found a shimmering altar of Xom.
   707 | D:2      | Found a shimmering altar of Xom.
   708 | D:2      | Noticed Natasha
   715 | D:2      | Slain by Natasha

Vault maps used:
D:1:      dpeg_arrival_shelter
D:2:      xom_redecorated, uniq_natasha

Skill      XL: |  1  2 |
---------------+-------+-----
Maces & Flails | 2 |  2.0
Fighting       | |  3.0
Armour         | |  2.7
Shields        | |  2.7

Action                   || total
-------------------------++-------
Melee: Flail             ||    48
Armor: Scale mail        ||    16
Dodge: Dodged            ||    15
Block: Shield            ||    22

Table legend:
 A = Spawn XP
 B = Non-spawn XP
 C = Spawn XP percentage of total XP
 D = Spawn monster count
 E = Non-spawn monster count
 F = Spawn count percentage of total count
 G = Total turns spent on level
                    A         B        C        D         E        F      G
               +---------+---------+-------+---------+---------+-------+---------
         Total |       0 |      30 |   0.0 |       0 |      14 |   0.0 |   715
               +---------+---------+-------+---------+---------+-------+---------
           D:1 |       0 |       8 |   0.0 |       0 |       5 |   0.0 |   520
           D:2 |       0 |      22 |   0.0 |       0 |       9 |   0.0 |   195
               +---------+---------+-------+---------+---------+-------+---------
